 Dungeon Crawl Stone Soup version 0.31-b1-20-g67cafac56d (webtiles) character file.

Game seed: 6417240636850514105

122 NamelessAdventurer the Trooper (level 5, 39/41 HPs)
             Began as a Human Fighter on Jan 18, 2024.
             Quit the game on level 4 of the Dungeon.
             The game lasted 00:03:39 (854 turns).

NamelessAdventurer the Trooper (Human Fighter)       Turns: 854, Time: 00:03:40

Health: 39/41      AC: 11    Str: 17    XL:     5   Next: 6%
Magic:  4/5        EV:  9    Int: 10    God:
Gold:   141        SH:  4    Dex: 12    Spells: 4/4 levels left

rFire   . . .        a - +0 rapier
rCold   . . .        c - +0 buckler
rNeg    . . .        i - +5 scale mail {Will+}
rPois   .            (no helmet)
rElec   .            (no cloak)
rCorr   .            (no gloves)
SInv    .            (no boots)
Will    +....        g - amulet of guardian spirit Stlth
                     (no ring)
HPRegen 1.06/turn    (no ring)
MPRegen 0.09/turn

%: guardian spirit
@: no status effects
A: explore regen, regeneration 1
a: no special abilities


You were on level 4 of the Dungeon.
You visited 1 branch of the dungeon, and saw 4 of its levels.

You collected 141 gold pieces.

Inventory:

Hand Weapons
 a - a +0 rapier (weapon)
Armour
 c - a +0 buckler (worn)
 i - a +5 scale mail of willpower (worn)
Jewellery
 g - an amulet of guardian spirit (around neck)
Potions
 d - a potion of attraction


   Skills:
 * Level 3.6 Fighting
 * Level 2.8(3.0) Short Blades
 * Level 1.2(2.2) Long Blades
 * Level 3.6 Armour
 * Level 0.9 Dodging
 * Level 1.1 Stealth
 * Level 3.3 Shields


You had 4 spell levels left.
You didn't know any spells.
Your spell library contained the following spells:

 Spells                   Type           Power      Damage    Failure   Level
 Sting                    Conj/Alch      0%         1d3       85%         1


Dungeon Overview and Level Annotations

Branches:
Dungeon (4/15)
 Temple: D:4-7

Altars:
Sif Muna
Trog
Yredelemnul

Annotations:
D:4 Robin


Innate Abilities, Weirdness & Mutations

You regain HP and MP as you explore.
Your natural rate of healing is unusually fast.


Message History

You block the hound's attack. The goblin barely misses you.
The hound bites you but does no damage.
A hobgoblin comes into view.
You closely miss the hound.
The hound is moderately wounded.
The goblin barely misses you. The hound bites you.
You closely miss the hound.
The hound is moderately wounded.
The hound bites you. The goblin misses you. The hound barely misses you.
The goblin hits you but does no damage.
You barely miss the hound.
The hound is moderately wounded.
The hound bites you but does no damage.
Robin points. "Kill!"
You block the hound's attack. The goblin hits you but does no damage.
You hit the hound but do no damage.
The hound is moderately wounded.
The hound barely misses you. The goblin hits you with a +0 club.
The hound bites you.
You hit the hound.
The hound is moderately wounded.
You block the hound's attack. The goblin barely misses you.
You barely miss the hound.
The hound is moderately wounded.
The hound completely misses you. The goblin hits you with a +0 club.
The hound barely misses you.
You hit the hound.
The hound is moderately wounded.
A goblin comes into view. It is wielding a +0 dagger.
You block the hound's attack. The goblin barely misses you.
Robin roars a battlecry!
The goblin goes into a battle-frenzy!
You closely miss the hound.
The hound is moderately wounded.
You block the hound's attack. You block the goblin's attack.
The hound bites you.
Robin says, "Feeling lonely?"
Robin roars a battlecry!
You hear a shout!
Are you sure you want to abandon this character and quit the game? (Confirm with "yes".)

..####.## ###
..#.......#..# #..
#.#.##.##.#.## #..
#...#...#.....
#.###.###._.###.#.
#wg)#.............
#g#g#.............
#@hggg.......##.#.
####g#g..)......#.
#.#.......####.
#.#............
#.#.......####.
..######### ## ###
# # #


You could see a hound, Robin, a dart slug, 3 hobgoblins and 4 goblins.

Vanquished Creatures
  A scorpion (D:4)
  Terence (D:2)
  A gnoll (D:3)
  A white imp (D:3)
  A bat (D:2)
  2 endoplasms
  2 giant cockroaches
  2 goblins (D:1)
  3 hobgoblins
  A kobold (D:3)
  2 ball pythons
  A frilled lizard (D:1)
  3 rats
21 creatures vanquished.

Notes
Turn   | Place    | Note
-------+----------+-------------------------------------------
     0 | D:1      | NamelessAdventurer the Human Fighter began the quest for
                  | the Orb.
     0 | D:1      | Reached XP level 1. HP: 18/18 MP: 1/1
   249 | D:1      | Reached XP level 2. HP: 24/24 MP: 2/2
   347 | D:2      | Noticed Terence
   357 | D:2      | Killed Terence
   358 | D:2      | Reached XP level 3. HP: 25/29 MP: 1/3
   402 | D:2      | Found a faded altar of an unknown god.
   627 | D:3      | Found a bloodstained altar of Trog.
   662 | D:3      | Reached skill level 1 in Long Blades
   662 | D:3      | Reached XP level 4. HP: 21/35 MP: 2/4
   716 | D:3      | Found a shimmering blue altar of Sif Muna.
   722 | D:3      | Got Sif Muna's Textbook on Argyropoeia
   742 | D:4      | Noticed a scorpion
   768 | D:4      | Gained mutation: Your natural rate of healing is unusually
                  | fast. [potion of mutation]
   773 | D:4      | Killed a scorpion
   774 | D:4      | Reached skill level 1 in Stealth
   774 | D:4      | Reached XP level 5. HP: 13/41 MP: 2/5
   821 | D:4      | Noticed Robin
   826 | D:4      | Found a basalt altar of Yredelemnul.
   854 | D:4      | Quit the game

Illustrated notes

Levels and vault maps discovered:
D:1:      lightli_arrival_windingriver, layout_loops_ring,
          minmay_misc_feat_enclosed, bh_walls_and_bars
D:2:      layout_rooms, serial_aquarium, aquarium_bridge_straight
          [aquarium_subvault_bridge, aquarium_subvault_wall,
          aquarium_subvault_bridge, aquarium_subvault_window],
          aquarium_window_fake, aquarium_window_1, aquarium_window_2,
          aquarium_window_corner, aquarium_view_2d, aquarium_view_2d,
          aquarium_balcony_1b, shapermc_ecumenical_altar_acropolis,
          chequers_serial_rivers_micro_b, minmay_joined_circles, uniq_terence
D:3:      layout_basic, nzn_overflow_gifts_of_might_and_magic,
          chequers_serial_rivers_micro_e, minmay_ogre_servants, uniq_ijyb
D:4:      layout_loops_cross, mainiacjoe_overflow_large_starburst,
          mainiacjoe_sewer_entry_somewhere_in_here_1, uniq_robin

Skill      XL: |  1  2  3  4 |
---------------+-------------+-----
Long Blades    | 1 |  1.2
Stealth        | 1 |  1.1
Fighting       | |  3.6
Short Blades   | |  2.8
Armour         | |  3.6
Dodging        | |  0.9
Shields        | |  3.3

Action                     |  1- 3 |  4- 6 || total
---------------------------+-------+-------++-------
  Melee: Rapier            |    77 |    42 ||   119
    Use: Potion            |     1 |     4 ||     5
         Scroll            |     4 |     1 ||     5
 Armour: Scale mail        |    51 |    39 ||    90
         Skin              |       |    10 ||    10
  Dodge: Dodged            |    22 |    33 ||    55
  Block: Buckler           |     9 |    13 ||    22
